 Dungeon Crawl Stone Soup version 0.19-a0-1007-g133f65f (webtiles) character file.

5520 Implojin the Grappler (level 10, -3/106 HPs)
             Began as a Troll Fighter on July 20, 2016.
             Was a Follower of Uskayaw.
             Killed from afar by an ogre mage (15 damage)
             ... with a bolt of poison
             ... on level 15 of the Dungeon.
             The game lasted 00:21:19 (2351 turns).

Implojin the Grappler (Troll Fighter)               Turns: 2351, Time: 00:21:19

Health: -3/106     AC:  6    Str: 26    XL:     10   Next: 43%
Magic:  9/9        EV:  8    Int:  4    God:    Uskayaw [*.....]
Gold:   55         SH:  8    Dex: 12    Spells: 0 memorised, 9 levels left

rFire  + . .     SeeInvis .       - Unarmed
rCold  + . .     Gourm    +     p - +0 robe {rC+ rF+}
rNeg   . . .     Faith    .     b - +0 shield
rPois  .         Spirit   .     g - +1 hat
rElec  .         Dismiss  .     (no cloak)
rCorr  .         Reflect  .     (gloves unavailable)
SustAt .         Harm     .     (boots unavailable)
MR     .....                    (no amulet)
Stlth  +.........               (no ring)
                                (no ring)

@: lethally poisoned (-3 -> -5), flying, drained, not resistant to hostile
enchantments, very unstealthy
A: unfitting armour, claws 3, fast metabolism 3, gourmand, regeneration 2,
shaggy fur 1, tough skin 2
a: Stomp, Renounce Religion


You were on level 15 of the Dungeon.
You worshipped Uskayaw.
Uskayaw was noncommittal.
You were very full.

You visited 2 branches of the dungeon, and saw 15 of its levels.

You collected 55 gold pieces.

Inventory:

Hand Weapons
 c - a +2 mace of crushing
 o - a +1 flail
Missiles
 A - 7 tomahawks (quivered)
Armour
 a - a +0 robe
 b - a +0 shield (worn)
 g - a +1 hat (worn)
 p - a +0 robe of resistance (worn)
 q - a mottled dragon hide
 z - a +0 robe
Wands
 k - a wand of polymorph (24/24)
 t - a wand of paralysis (15/24)
Scrolls
 h - a scroll of enchant weapon
 i - a scroll of recharging
 j - a scroll of amnesia
 r - a scroll of noise
 w - a scroll of random uselessness {RIP cure poison?}
Potions
 e - a potion of brilliance
 f - a potion of cure mutation
 l - 3 potions of degeneration
Books
 n - a Young Poisoner's Handbook

   Spells                             Type                      Level
   a - Sting                          Conjuration/Poison           1
   b - Mephitic Cloud                 Conjuration/Poison/Air       3
   c - Olgreb's Toxic Radiance        Poison                       4
   d - Alistair's Intoxication        Transmutation/Poison         5
   e - Venom Bolt                     Conjuration/Poison           5
 y - a book of Annihilations

   Spells                             Type                      Level
   a - Poison Arrow                   Conjuration/Poison           6
   b - Chain Lightning                Conjuration/Air              8
   c - Lehudib's Crystal Spear        Conjuration/Earth            8
   d - Glaciate                       Conjuration/Ice              9
   e - Fire Storm                     Conjuration/Fire             9
Comestibles
 d - 5 bread rations
 m - 3 meat rations
 s - a beef jerky
 u - a chunk of flesh
 B - 2 slices of pizza


   Skills:
 * Level 8.7(8.2) Fighting
 - Level 2.4(1.9) Dodging
 - Level 2.4(1.9) Shields
 - Level 12.0(11.4) Unarmed Combat


You had 9 spell levels left.
You didn't know any spells.

Dungeon Overview and Level Annotations

Branches:
Dungeon (13/15)            Temple (1/1) D:7            Lair (0/6) D:8
    Orc (0/2) D:9          Depths (0/5) D:15
 Vaults: D:13-14

Altars:
Ashenzari
Dithmenos
Elyvilon
Gozag
Kikubaaqudgha
Pakellas
Qazlal
Ru
Trog
Uskayaw
Xom
Zin
The Shining One

Shops:
D:9 =

Annotations:
D:9 exclusion: downstairs
D:10 towersofbeng's ghost, novice DsGl


Innate Abilities, Weirdness & Mutations

You are too large for most types of armour.
You have claws for hands.
Your metabolism is lightning-fast.
You like to eat raw meat.
You heal very quickly.
You are covered in fur. (AC +1)
You have very tough skin. (AC +2)


Message History

* * * LOW HITPOINT WARNING * * *
The worker ant bites you.
* * * LOW HITPOINT WARNING * * *
There is a shaft here.
Unknown command.
Unknown command.
Unknown command.
You fall through a shaft for 2 floors!
The shaft crumbles and collapses.
An orc sorcerer, a yaktaur captain and a hill giant come into view.
The yaktaur captain shouts!
You hear a shout! x2
You can no longer pass through a line of other dancers.
Found a staircase to the Depths.
Unknown command.
Unknown command.
Okay, then.
Okay, then.
An ogre mage comes into view. It is wielding a club.
The ogre mage moves out of view.
The hill giant moves out of view.
The yaktaur captain hits you!!
* * * LOW HITPOINT WARNING * * *
The orc sorcerer moves out of view.
Unknown command.
Unknown command.
It was a potion of flight.
You feel very buoyant.
You fly up into the air.
The yaktaur captain hits you.
* * * LOW HITPOINT WARNING * * *
Unknown command.
Okay, then.
As you read the scroll of fear, it crumbles to dust.
You assume a fearsome visage.
The orc sorcerer looks frightened!
The yaktaur captain looks frightened!
The hill giant looks frightened!
The orc sorcerer howls in fear.
The orc sorcerer gestures wildly while chanting.
A yaktaur comes into view.
The ogre mage gestures at you while chanting.
The bolt of poison hits you!
You are poisoned.
You die...

.# ##c .#
..#
#####.#o..
#.....#..
#..#.#.#
#.#O.c#
#.@...#
#...#..>#
####.####
..# ....
#.C. #...
##. #.


You could see a yaktaur captain (fleeing) and an ogre mage.

Vanquished Creatures
  The ghost of Typerbomb the Carver, a novice MiFi of Okawaru (D:9)
  2 centaur skeletons
  A troll (D:12)
  Prince Ribbit (D:7)
  6 yaks
  A hungry ghost (D:9)
  2 hippogriffs
  A mottled dragon (D:11)
  Duvessa (D:7)
  3 orc warriors
  A black bear (D:9)
  A swamp drake (D:9)
  An ice beast (D:10)
  3 ogres
  A centaur (D:10)
  2 big kobolds
  4 giant frogs
  Dowan (D:7)
  A scorpion (D:9)
  4 killer bees
  4 wights
  A howler monkey (D:12)
  3 hounds
  9 orc wizards
  6 orc priests
  A giant frog skeleton (D:7)
  4 worker ants
  A hound skeleton (D:4)
  4 adders
  2 shadow imps
  A worm (D:2)
  A giant gecko (D:9)
  31 orcs
  A giant cockroach (D:2)
  3 goblins
  4 hobgoblins
  4 jackals (D:9)
  2 quokkas
  A ball python (D:2)
  A giant newt (D:4)
  3 kobolds (D:12)
  A quokka zombie (D:7)
126 creatures vanquished.

Notes
Turn   | Place    | Note
-------+----------+-------------------------------------------
     0 | D:1      | Implojin the Troll Fighter began the quest for the Orb.
     0 | D:1      | Reached XP level 1. HP: 22/22 MP: 0/0
   235 | D:2      | Reached XP level 2. HP: 17/29 MP: 1/1
   253 | D:2      | Found a glowing silver altar of Zin.
   307 | D:3      | Reached skill level 3 in Unarmed Combat
   418 | D:4      | Reached XP level 3. HP: 33/36 MP: 2/2
   479 | D:4      | Reached skill level 4 in Unarmed Combat
   494 | D:5      | Entered Level 5 of the Dungeon
   506 | D:5      | Noticed an ogre
   510 | D:5      | Killed an ogre
   510 | D:5      | Reached skill level 5 in Unarmed Combat
   510 | D:5      | Reached XP level 4. HP: 36/44 MP: 3/3
   510 | D:5      | Reached XP level 5. HP: 41/50 MP: 4/4
   534 | D:6      | Found a white marble altar of Elyvilon.
   549 | D:6      | Found a shattered altar of Ashenzari.
   566 | D:7      | Reached skill level 6 in Unarmed Combat
   574 | D:7      | Reached XP level 6. HP: 42/59 MP: 5/5
   649 | D:7      | Noticed Prince Ribbit
   746 | D:7      | Found a staircase to the Ecumenical Temple.
   750 | D:7      | Noticed Duvessa
   751 | D:7      | Noticed Dowan
   755 | Temple   | Entered the Ecumenical Temple
   861 | Temple   | Became a worshipper of Uskayaw the Reveler
   891 | D:7      | Reached * piety under Uskayaw
   896 | D:7      | Killed Duvessa
   896 | D:7      | Reached skill level 7 in Unarmed Combat
   896 | D:7      | Reached ** piety under Uskayaw
   902 | D:7      | Killed Dowan
   902 | D:7      | Reached *** piety under Uskayaw
   936 | D:7      | Killed Prince Ribbit
   936 | D:7      | Reached skill level 8 in Unarmed Combat
   936 | D:7      | Reached XP level 7. HP: 50/66 MP: 6/6
   991 | D:9      | Noticed Typerbomb's ghost (novice MiFi)
  1014 | D:9      | Killed Typerbomb's ghost
  1014 | D:9      | Reached skill level 10 in Unarmed Combat
  1014 | D:9      | Reached XP level 8. HP: 18/74 MP: 7/7
  1014 | D:9      | Reached **** piety under Uskayaw
  1131 | D:9      | Reached skill level 11 in Unarmed Combat
  1134 | D:9      | Reached ***** piety under Uskayaw
  1220 | D:10     | Entered Level 10 of the Dungeon
  1234 | D:9      | Reached XP level 9. HP: 77/80 MP: 8/8
  1291 | D:10     | Reached skill level 12 in Unarmed Combat
  1339 | D:10     | Noticed towersofbeng's ghost (novice DsGl)
  1345 | D:10     | Reached skill level 3 in Fighting
  1400 | D:9      | HP: 4/83 [killer bee (8)]
  1405 | D:9      | HP: 4/84 [poisoned by a killer bee]
  1410 | D:9      | HP: 4/84 [poisoned by a killer bee]
  1474 | D:9      | Reached skill level 4 in Fighting
  1590 | D:9      | Reached skill level 5 in Fighting
  1620 | D:9      | Found a staircase to the Orcish Mines.
  1719 | D:9      | Found Dedu's Jewellery Boutique.
  1767 | D:10     | Reached skill level 6 in Fighting
  1841 | D:11     | Noticed a six-headed hydra
  1914 | D:11     | Reached skill level 7 in Fighting
  1914 | D:11     | Reached XP level 10. HP: 72/102 MP: 9/9
  2164 | D:12     | HP: 4/102 [troll (2)]
  2261 | D:12     | Reached skill level 8 in Fighting
  2346 | D:13     | You fall through a shaft for 2 floors!
  2346 | D:15     | Entered Level 15 of the Dungeon
  2346 | D:15     | Found a staircase to the Depths.
  2346 | D:15     | Noticed an orc sorcerer
  2346 | D:15     | Noticed a yaktaur captain
  2346 | D:15     | Noticed a hill giant
  2347 | D:15     | Noticed an ogre mage
  2351 | D:15     | Killed from afar by an ogre mage

Vault maps used:
D:1:      minmay_arrival_widening_spiral_wide
D:2:      lemuel_round_altar, lemuel_coloured_pillars_altar,
          overflow_temple_1_default, serial_corexii_hall,
          corexii_hall_statues_u, corexii_hall_statues_x, minmay_crystal_room
D:3:      overflow_temple_1_default, first_bread, kennysheep_small_spiral
D:6:      okawaru_ov_weapons_minmay, nemelex_xobeh_ov_fountains_minmay,
          nicolae_overflow_hidden_temple
D:7:      gammafunk_temple_overflow_claw, the_bakery, uniq_duvessa,
          uniq_prince_ribbit1
D:8:      old_standard_altar, lair_0_dummy, kennysheep_cluttered_room,
          hangedman_abyss_or_decor_clamps, grunt_qazlal_clouds
D:9:      erik_orc_1, serial_shops, nicolae_shop_statue_plus,
          supply_closet_lemuel
D:11:     uniq_nergalle
D:12:     feat_on_display
D:13:     basic_altar, nicolae_gozag_cash_rules_everything_around_me,
          uniq_maurice
D:15:     hangedman_depths_entry_civil_slaughter, enter_trove_6, basic_altar,
          minmay_misc_feat_ornament, lemuel_centaur_altar
Temple:   dpeg_chambers_temple

Skill      XL: |  1  2  3  4  5  6  7  8  9 10 |
---------------+-------------------------------+-----
Unarmed Combat | 3 5 6 8 10 11 12 | 12.0
Fighting       | 7 8 |  8.7
Dodging        | |  2.4
Shields        | |  2.4

Action                   |  1- 3 |  4- 6 |  7- 9 | 10-12 || total
-------------------------+-------+-------+-------+-------++-------
Melee: Unarmed           |    65 |    55 |   193 |    78 ||   391
Throw: Tomahawk          |       |       |     2 |     2 ||     4
  Use: Potion            |       |     1 |     2 |     1 ||     4
       Scroll            |       |       |    13 |     3 ||    16
 Stab: Paralysed         |       |       |     7 |     4 ||    11
  Eat: Chunk             |    10 |     2 |    18 |     3 ||    33
Armor: Robe              |    27 |     6 |    40 |    14 ||    87
       Skin              |       |       |    14 |       ||    14
Dodge: Dodged            |    19 |     7 |    44 |    29 ||    99
Block: Shield            |    28 |    17 |    69 |    38 ||   152

Table legend:
 A = Turns spent in this place as a percentage of turns spent in the entire game.
 B = Non-inter-level travel turns spent in this place as a percentage of non-inter-level travel turns spent in the entire game.
 C = Inter-level travel turns spent in this place as a percentage of turns spent in this place.
 D = Turns resting spent in this place as a percentage of non-inter-level travel turns spent in this place.
 E = Turns spent auto-exploring this place as a percentage of non-inter-level travel turns spent in this place.
 F = Non-inter-level travel turns spent in this place divided by the number of levels of this place that you've seen.
                   A       B       C       D       E      F
               +-------+-------+-------+-------+-------+----------------------
         Total | 100.0 | 100.0 |   0.0 |   0.0 |   0.0 | 157.7
       Dungeon |  94.1 |  94.1 |   0.0 |   0.0 |   0.0 | 159.0
        Temple |   5.9 |   5.9 |   0.0 |   0.0 |   0.0 | 140.0
               +-------+-------+-------+-------+-------+----------------------

Table legend:
 A = Kills in this place as a percentage of kills in entire the game.
 B = Kills by you in this place as a percentage of kills by you in the entire game.
 C = Kills by friends in this place as a percentage of kills by friends in the entire game.
 D = Other kills in this place as a percentage of other kills in the entire game.
 E = Experience gained in this place as a percentage of experience gained in the entire game.
 F = Experience gained in this place divided by the number of levels of this place that you have seen.
                   A       B       C       D       E      F
               +-------+-------+-------+-------+-------+----------------------
         Total | 100.0 | 100.0 |  -nan |  -nan | 100.0 | 525.7
       Dungeon | 100.0 | 100.0 |  -nan |  -nan | 100.0 | 563.3
               +-------+-------+-------+-------+-------+----------------------
